 Dungeon Crawl Stone Soup version 0.21.1-1-g345015f (webtiles) character file.

27 Fortress the Conjurer (level 2, -6/20 HPs)
             Began as a Draconian Conjurer on June 19, 2018.
             Mangled by Sigmund
             ... wielding a +0 scythe
              (8 damage)
             ... on level 2 of the Dungeon.
             The game lasted 00:06:03 (1176 turns).

Fortress the Conjurer (Draconian Conjurer)          Turns: 1176, Time: 00:06:03

Health: -6/20      AC:  4    Str: 10    XL:     2   Next: 93%
Magic:  2/5        EV: 17    Int: 15    God:
Gold:   78         SH:  0    Dex: 11    Spells: 2/5 levels left

rFire    . . .     SeeInvis .   h - +0 dagger
rCold    . . .     Gourm    .   (no shield)
rNeg     + . .     Faith    .   (armour unavailable)
rPois    .         Spirit   .   (helmet restricted)
rElec    .         Reflect  .   (no cloak)
rCorr    .         Harm     .   (no gloves)
MR       .....                  (no boots)
Stlth    ++........             (no amulet)
HPRegen  0.06/turn              m - +5 ring of evasion
MPRegen  0.09/turn              n - ring of positive energy

@: no status effects
A: unfitting armour, cold-blooded, AC +4
a: no special abilities


You were on level 2 of the Dungeon.
You were not hungry.

You visited 1 branch of the dungeon, and saw 2 of its levels.

You collected 78 gold pieces.

Inventory:

Hand Weapons
 d - a +0 hand axe
 g - a +1 hunting sling of flaming
 h - a +0 dagger (weapon)
Missiles
 j - 49 arrows
 l - 24 stones (quivered)
Jewellery
 m - a +5 ring of evasion (left hand)
 n - a ring of positive energy (right hand)
Scrolls
 e - a scroll of teleportation {unknown}
 f - 2 scrolls of remove curse
 i - a scroll of immolation {unknown}
 o - a scroll of identify {unknown}
Potions
 k - a potion of resistance {unknown}
 p - a potion of agility {unknown}
Books
 a - a book of Conjurations

   Spells                             Type                      Level
   a - Magic Dart                     Conjuration                  1
   b - Searing Ray                    Conjuration                  2
   c - Dazzling Spray                 Conjuration/Hexes            3
   d - Fulminant Prism                Conjuration/Hexes            4
   e - Force Lance                    Conjuration/Translocation    4
   f - Iskenderun's Mystic Blast      Conjuration                  4
Comestibles
 b - 5 rations
 c - a chunk of flesh


   Skills:
 + Level 0.3 Short Blades
 + Level 1.8 Dodging
 - Level 1.7 Stealth
 + Level 2.2 Spellcasting
 + Level 4.7 Conjurations


You had 2 spell levels left.
You knew the following spells:

 Your Spells              Type           Power        Failure   Level  Hunger
a - Magic Dart            Conj           ###.         3%          1    #......
b - Searing Ray           Conj           ###...       4%          2    ###....


Dungeon Overview and Level Annotations

Branches:
Dungeon (2/15)

Altars:

Annotations:
D:2 Sigmund


Innate Abilities, Weirdness & Mutations

Your plain brown scales are hard. (AC +4)
You cannot fit into any form of body armour.
You are cold-blooded and may be slowed by cold attacks.


Message History

Sigmund is moderately wounded.
Casting: Magic Dart
Confirm with . or Enter, or press ? or * to list all spells.
Aiming: Magic Dart
Press: ? - help, Shift-Dir - straight line, f/p - Sigmund
Aim: Sigmund, wielding a scythe and wearing an embroidered robe (moderately wounded)
The magic dart hits Sigmund.
Sigmund is moderately wounded.
Sigmund mumbles some strange words.
Sigmund flickers and vanishes!
Deactivating autopickup; reactivate with Ctrl-A.
Something hits you!
Ouch! That really hurt!
You closely miss something. Something hits you.
* * * LOW HITPOINT WARNING * * *
You closely miss something. Something hits you.
* * * LOW HITPOINT WARNING * * *
You miss something. You miss something. Something hits you!
You die...

##....#######
#............
#............
#.....##########
#..............#
###.#'#.#.######.#
....#.#.#<.....#.#
....#.#.######.#.#
....#.#.. #@#
....#+##########.######
.....รท..................
##)....######........{..
#..)..'....+...........
#.....######...........
#.....# #...........
#.....# #.........!.
#.....# #..........[


There were no monsters in sight!

Vanquished Creatures
  A dart slug (D:1)
  A giant cockroach (D:1)
  4 goblins
  4 hobgoblins
  4 jackals (D:1)
  2 bats
  A frilled lizard (D:1)
  3 kobolds
  3 rats (D:1)
23 creatures vanquished.

Notes
Turn   | Place    | Note
-------+----------+-------------------------------------------
     0 | D:1      | Fortress the Draconian Conjurer began the quest for the Orb.
     0 | D:1      | Reached XP level 1. HP: 14/14 MP: 3/3
   206 | D:1      | Reached XP level 2. HP: 10/20 MP: 1/5
  1078 | D:2      | Learned a level 2 spell: Searing Ray
  1162 | D:2      | Noticed Sigmund
  1176 | D:2      | Mangled by Sigmund

Action                   || total
-------------------------++-------
Melee: Dagger            ||    24
       Unarmed           ||     4
       Tailslap          ||     1
 Cast: Magic Dart        ||    35
  Use: Scroll            ||     1
  Eat: Chunk             ||     1
Armor: Skin              ||    13
Dodge: Dodged            ||    16
